 Dungeon Crawl Stone Soup version 0.28-a0-1130-gc51a68064b (webtiles) character file.

Game seed: 1949526825357593068

515 ducksouse the Shield-Bearer (level 7, -7/61 HPs)
             Began as a Minotaur Fighter on Dec 13, 2021.
             Was a Follower of Zin.
             Killed from afar by Sigmund (35 damage)
             ... with a bolt of acid
             ... on level 5 of the Dungeon.
             The game lasted 00:08:14 (3220 turns).

ducksouse the Shield-Bearer (Minotaur Fighter)      Turns: 3220, Time: 00:08:15

Health: -7/61      AC:  1    Str: 22    XL:     7   Next: 0%
Magic:  6/6        EV: 11    Int:  5    God:    Zin [*.....]
Gold:   84         SH:  0    Dex: 10    Spells: 6/6 levels left

rFire   . . .      SeeInvis .   a - +0 long sword
rCold   . . .      Faith    .   c - +0 buckler
rNeg    . . .      Spirit   .   (no armour)
rPois   +          Reflect  .   (helmet restricted)
rElec   .          Harm     .   (no cloak)
rCorr   .          Rampage  .   (no gloves)
Will    .....                   o - +0 pair of boots
Stlth   +.........              h - amulet of regeneration
HPRegen 1.00/turn               n - ring of poison resistance
MPRegen 0.10/turn               (no ring)

@: confused
A: horns 2, retaliatory headbutt
a: Renounce Religion, Recite, Donate Gold


You were on level 5 of the Dungeon.
You worshipped Zin.
Zin was aware of your devotion.
You visited 1 branch of the dungeon, and saw 5 of its levels.

You collected 99 gold pieces.
You donated 15 gold pieces to Zin.

Inventory:

Hand Weapons
 a - a +0 long sword (weapon)
Missiles
 k - 4 javelins (quivered)
Armour
 b - a +0 scale mail
 c - a +0 buckler (worn)
 g - a +3 leather armour of cold resistance
 o - a +0 pair of boots (worn)
Jewellery
 h - an amulet of regeneration (around neck)
 n - a ring of poison resistance (left hand)
Wands
 j - a wand of iceblast (3)
Scrolls
 e - 8 scrolls of identify {unknown}
 f - a scroll of amnesia {unknown}
 i - a scroll of vulnerability {unknown}
 p - a scroll of noise {unknown}
Potions
 d - a potion of might
 l - a potion of cancellation {unknown}
 m - a potion of lignification {unknown}


   Skills:
 + Level 5.6 Fighting
 + Level 5.0 Long Blades
 + Level 5.6 Armour
 + Level 5.8 Shields


You had 6 spell levels left.
You didn't know any spells.
Your spell library contained the following spells:

 Spells                   Type           Power      Damage    Failure   Level
 Gell's Gravitas          Tloc           0%         N/A       85%         3
 Teleport Other           Tloc           0%         N/A       85%         3
 Dispersal                Tloc           0%         N/A       100%        6


Dungeon Overview and Level Annotations

Branches:
Dungeon (5/15)
 Temple: D:4-7

Altars:
Elyvilon
Qazlal
Zin

Annotations:
D:4 2 transporters, Atlas's ghost, amateur FeTm
D:5 Sigmund


Innate Abilities, Weirdness & Mutations

You have a pair of horns on your head.
You reflexively headbutt those who attack you in melee.


Message History

Eustachio casts a spell.
Eustachio blinks!
Aiming: Iceblast
Press: ? - help, Q - select action, (/) - cycle Shift-Dir - straight line, f/p - Eustachio
Aim: Eustachio, wielding a +0 rapier and wearing a +3 leather armour of cold resistance (almost dead)
The mass of ice explodes!
The iceblast engulfs Eustachio!
Eustachio partially resists.
You kill Eustachio!
The bat disappears in a puff of smoke!
The quokka disappears in a puff of smoke!
You feel your dexterity returning.
Your Long Blades skill increases to level 5!
You have reached level 7!
Found a war axe.
Things that are here:
a +0 rapier; a +3 leather armour of cold resistance
g - a +3 leather armour of cold resistance Keep disrobing? [Y]es or [N]o only, please.
Keep disrobing? [Y]es or [N]o only, please.
Keep disrobing? [Y]es or [N]o only, please.
Keep disrobing?
You start removing your armour.
You continue taking off your +0 scale mail. x2
Sigmund points at you and mumbles some strange words.
The puff of flame hits you!
You continue taking off your +0 scale mail.
Sigmund zaps a wand.
The bolt of acid hits you!
You continue taking off your +0 scale mail.
Sigmund gestures at you while chanting.
You are confused.
You finish taking off your +0 scale mail.
Unknown command.
You are too confused!
Sigmund zaps a wand.
The bolt of acid misses you.
Sigmund zaps a wand.
The bolt of acid hits you!!
Ouch! That really hurt!
You die...

#......r..# .#.#.
###.......# ....
#...##### #).. #...# #..#
#..r########@.#
#....@)...##.. #
#...#####.##.##.##...
.............##.........
............<...@........
...............##...###..
#####...###.#.......#
#.........##....#
#...###.####...## #..
...## #.# #..# .. .# .#


You could see Sigmund.

Vanquished Creatures
  Eustachio (D:5)
  A black bear (D:4)
  A scorpion (D:4)
  An orc priest (D:4)
  An orc wizard (D:4)
  A hound skeleton (D:4)
  6 adders
  An adder skeleton (D:4)
  3 worms (D:3)
  5 dart slugs
  9 orcs
  6 ball pythons
  6 endoplasms
  3 giant cockroaches
  7 goblins
  4 hobgoblins
  3 jackals (D:1)
  3 quokkas
  7 bats
  3 frilled lizards
  9 kobolds
  3 rats
84 creatures vanquished.

Vanquished Creatures (others)
  6 plants (D:4)
6 creatures vanquished.

Grand Total: 90 creatures vanquished

Notes
Turn   | Place    | Note
-------+----------+-------------------------------------------
     0 | D:1      | ducksouse the Minotaur Fighter began the quest for the Orb.
     0 | D:1      | Reached XP level 1. HP: 19/19 MP: 0/0
   102 | D:1      | Found a faded altar of an unknown god.
   298 | D:1      | Reached XP level 2. HP: 20/27 MP: 1/1
   951 | D:2      | Reached XP level 3. HP: 33/33 MP: 2/2
  1096 | D:2      | Found a glowing silver altar of Zin.
  1109 | D:2      | Became a worshipper of Zin the Law-Giver
  1154 | D:2      | Donated 6 gold pieces to Zin
  1309 | D:2      | Reached XP level 4. HP: 41/41 MP: 3/3
  1608 | D:3      | Reached * piety under Zin
  2372 | D:4      | Reached XP level 5. HP: 47/47 MP: 4/4
  2418 | D:4      | Found a transporter.
  2432 | D:4      | Noticed Atlas's ghost (amateur FeTm)
  2434 | D:4      | Identified the +9 halberd of Zekhou {venom, rElec Will+}
  2537 | D:4      | Found a transporter.
  2672 | D:4      | Found a large runed translucent door.
  2673 | D:4      | Found a large runed translucent door.
  2728 | D:4      | Found a white marble altar of Elyvilon.
  2741 | D:4      | Found a stormy altar of Qazlal.
  2741 | D:4      | Noticed a black bear
  2761 | D:4      | Killed a black bear
  2762 | D:4      | Reached skill level 5 in Fighting
  2762 | D:4      | Reached skill level 5 in Armour
  2762 | D:4      | Reached skill level 5 in Shields
  2841 | D:4      | Reached XP level 6. HP: 44/56 MP: 5/5
  3150 | D:5      | Entered Level 5 of the Dungeon
  3168 | D:5      | Noticed Eustachio
  3207 | D:5      | Killed Eustachio
  3208 | D:5      | Reached skill level 5 in Long Blades
  3208 | D:5      | Reached XP level 7. HP: 40/61 MP: 6/6
  3213 | D:5      | Noticed Sigmund
  3220 | D:5      | Killed from afar by Sigmund

Illustrated notes

Levels and vault maps discovered:
D:1:      nagdon_arrival_double_spiral, layout_basic,
          shapermc_ecumenical_altar_ellora
D:2:      layout_rooms, basic_altar
D:3:      minmay_skewed_foursquare, layout_basic, serial_glass, glass_columns_a,
          glass_columns_b, kennysheep_generic_room_12
D:4:      layout_rooms, jmf_multi_god_temple2, gammafunk_ghost_gnarly_gnolls,
          kennysheep_generic_room_13
D:5:      layout_loops_cross, minmay_temple_entry_hall,
          biasface_ghost_orc_armoury, kennysheep_small_circle, uniq_sigmund,
          uniq_eustachio, uniq_duvessa, uniq_edmund

Skill      XL: |  1  2  3  4  5  6 |
---------------+-------------------+-----
Shields        | 4 5 |  5.8
Fighting       | 4 5 |  5.6
Long Blades    | 3 4 5 |  5.0
Armour         | 4 5 |  5.6

Action                   |  1- 3 |  4- 6 |  7- 9 || total
-------------------------+-------+-------+-------++-------
Melee: Long sword        |    75 |   135 |       ||   210
       Headbutt          |    15 |    25 |       ||    40
Throw: Javelin           |       |     1 |       ||     1
Invok: Donate Gold       |     1 |       |       ||     1
Evoke: Wand              |       |     2 |       ||     2
  Use: Potion            |       |     3 |       ||     3
Armor: Scale mail        |    57 |   114 |       ||   171
Dodge: Dodged            |    41 |    93 |     1 ||   135
Block: Buckler           |    21 |    43 |       ||    64

Table legend: (Time is in decaauts)
 A = Elapsed time spent in this place.
 B = Non-inter-level travel time spent in this place.
 C = Inter-level travel time spent in this place.
 D = Time resting spent in this place.
 E = Time spent auto-exploring this place.
 F = Levels seen in this place.
 G = Mean time per level.
                   A        B        C        D        E       F      G
               +--------+--------+--------+--------+--------+-----+--------+
         Total |   3271 |   3143 |    128 |      0 |   2150 |   5 |  654.2 |
       Dungeon |   3271 |   3143 |    128 |      0 |   2150 |   5 |  654.2 |
               +--------+--------+--------+--------+--------+-----+--------+

Top non-repeatable levels by time:
     D:1: 959 daAuts
     D:4: 816 daAuts
     D:3: 806 daAuts
     D:2: 615 daAuts
     D:5: 72 daAuts
